 Dungeon Crawl Stone Soup version 0.28.0-53-g5a82cb258f (webtiles) character file.

Game seed: 15292730362832426556

16860 Ashen the Covert (level 12, -28/94 HPs)
             Began as a Demonspawn Ice Elementalist on Aug 17, 2022.
             Was a Priest of Vehumet.
             Annihilated by an orc warlord
             ... wielding a +3 dire flail of protection
              (34 damage)
             ... on level 1 of the Orcish Mines.
             The game lasted 00:34:59 (16226 turns).

Ashen the Covert (Demonspawn Ice Elementalist)     Turns: 16226, Time: 00:35:00

Health: -28/94     AC: 13    Str:  9    XL:     12   Next: 13%
Magic:  19/24      EV: 31    Int: 20    God:    Vehumet [***...]
Gold:   370        SH:  0    Dex: 15    Spells: 12/27 levels left

rFire   . . .      SeeInvis .   k - +0 spear (venom)
rCold   . . .      Faith    .   (no shield)
rNeg    . . .      Spirit   .   v - +2 robe {Archmagi}
rPois   +          Reflect  .   D - +1 helmet
rElec   .          Harm     .   R - +0 cloak
rCorr   .          Rampage  .   (no gloves)
Will    .....      Archmagi +   (no boots)
Stlth   ++++......              n - amulet of the acrobat
HPRegen 0.25/turn               A - ring of poison resistance
MPRegen 0.19/turn               x - +4 ring of protection

@: acrobatic
A: icy blue scales 1, foul stench 2, powered by death 1, weakness stinger 2
a: Renounce Religion


You were on level 1 of the Orcish Mines.
You worshipped Vehumet.
Vehumet was most pleased with you.
You visited 3 branches of the dungeon, and saw 14 of its levels.

You collected 628 gold pieces.
You spent 258 gold pieces at shops.

Inventory:

Hand Weapons
 g - a +2 dagger of protection
 k - a +0 spear of venom (weapon)
 C - a +2 vampiric spear
Missiles
 a - 2 throwing nets
 l - 24 poisoned darts
Armour
 c - +0 steam dragon scales
 v - a +2 robe of the Archmagi (worn)
 D - a +1 helmet (worn)
 P - a +0 troll leather armour
 R - a +0 cloak (worn)
Magical Staves
 E - a staff of air
Jewellery
 n - an amulet of the acrobat (around neck)
 q - an amulet of reflection
 u - a ring of willpower
 w - a ring of flight
 x - a +4 ring of protection (right hand)
 A - a ring of poison resistance (left hand)
 L - a ring of fire
Wands
 p - a wand of polymorph (18)
 y - a wand of acid (12)
 B - a wand of iceblast (8)
 O - a wand of digging (10)
Scrolls
 d - a scroll of holy word
 h - 2 scrolls of enchant armour
 i - 2 scrolls of vulnerability
 j - 2 scrolls of teleportation
 H - a scroll of identify
 J - 4 scrolls of enchant weapon
 K - a scroll of blinking {unknown}
 M - 2 scrolls of torment {unknown}
 Q - a scroll of noise {unknown}
 T - a scroll of fog
Potions
 b - 2 potions of ambrosia
 e - 3 potions of lignification
 f - 2 potions of attraction
 m - 2 potions of heal wounds
 o - 2 potions of flight
 r - a potion of brilliance
 s - a potion of magic {unknown}
 t - 4 potions of curing
 z - a potion of might
 F - 4 potions of haste
 I - a potion of resistance {unknown}
 N - a potion of mutation
 S - a potion of degeneration {unknown}


   Skills:
 + Level 8.9 Fighting
 + Level 8.4 Dodging
 + Level 9.2 Stealth
 + Level 8.4 Spellcasting
 + Level 2.1 Conjurations
 + Level 9.1 Ice Magic


You had 12 spell levels left.
You knew the following spells:

 Your Spells              Type           Power      Damage    Failure   Level
a - Freeze                Ice            100%       1d11      1%          1
b - Frozen Ramparts       Ice            100%       1d12      1%          3
c - Ozocubu's Armour      Ice            61%        N/A       1%          3
d - Hailstorm             Conj/Ice       46%        3d11      2%          4
e - Foxfire               Conj/Fire      76%        2x1d7     1%          1
f - Dazzling Flash        Conj/Hex       38%        N/A       4%          3

Your spell library contained the following spells:

 Spells                   Type           Power      Damage    Failure   Level
 Sticky Flame             Conj/Fire      19%        2d4       13%         4
 Poisonous Vapours        Pois/Air       24%        N/A       3%          2
 Beastly Appendage        Tmut           24%        N/A       9%          1
 Sting                    Tmut/Pois      48%        1d5       9%          1
 Wereblood                Tmut           12%        N/A       12%         2
 Olgreb's Toxic Radiance  Pois           12%        N/A       21%         4
 Spider Form              Tmut/Pois      12%        N/A       24%         3
 Iskenderun's Battlesphe  Conj           25%        2d8       24%         5
 Fireball                 Conj/Fire      9%         3d6       34%         5
 Conjure Ball Lightning   Conj/Air       9%         3x3d6     86%         6
 Orb of Destruction       Conj           12%        9d7       99%         7


Dungeon Overview and Level Annotations

Branches:
Dungeon (11/15)            Temple (1/1) D:6            Lair (0/6) D:8
    Orc (2/2) D:9
    Elf: Orc:2

Altars:
Ashenzari
Cheibriados
Dithmenos
Elyvilon
Fedhas
Gozag
Hepliaklqana
Kikubaaqudgha
Makhleb
Nemelex Xobeh
Okawaru
Qazlal
Ru
Sif Muna
Trog
Uskayaw
Vehumet
Wu Jian
Xom
Yredelemnul
Zin
The Shining One

Shops:
D:3 (   D:6 *   D:10 *   Orc:2 (*

Annotations:
D:4 3 runed translucent doors, exclusion: 3 doors, zoefcunningham's ghost, amateur MiBe
D:10 2 transporters, exclusion: downstairs, AbrileMaio's ghost, journeyman MiBe


Innate Abilities, Weirdness & Mutations

You are partially covered in icy blue scales. (AC +2)
You sometimes emit foul miasma when damaged in melee.
You regenerate a little health from kills.
You have a tail ending in a sharp stinger.


Message History

Okay, then.
You hit the orc warlord but do no damage.
Your tail-slap misses the orc warlord.
The orc warlord is lightly wounded.
The wall freezes the orc warlord.
The orc warlord hits you with a +3 dire flail of protection!
You hit the orc warlord but do no damage.
The orc warlord is poisoned.
The orc warlord is lightly wounded.
The wall freezes the orc warlord!
The orc warlord barely misses you.
You hit the orc warlord but do no damage.
The orc warlord looks even sicker.
The orc warlord is moderately wounded.
The wall freezes the orc warlord!
The orc warlord hits you with a +3 dire flail of protection!
You hit the orc warlord but do no damage.
The orc warlord looks as sick as possible!
You tail-slap the orc warlord, but do no damage.
The orc warlord is moderately wounded.
The wall freezes the orc warlord!
The orc warlord hits you with a +3 dire flail of protection!!
You hit the orc warlord but do no damage.
The orc warlord looks as sick as possible!
The orc warlord is heavily wounded.
The wall freezes the orc warlord.
The orc warlord closely misses you.
You barely miss the orc warlord.
The orc warlord is heavily wounded.
The wall freezes the orc warlord.
The orc warlord hits you but does no damage.
You hit the orc warlord but do no damage.
The orc warlord looks as sick as possible!
The orc warlord is heavily wounded.
The wall freezes the orc warlord.
The orc warlord hits you with a +3 dire flail of protection!!
* * * LOW HITPOINT WARNING * * *
Your icy armour and frozen ramparts will break if you move.
Continue?
Your icy armour cracks and falls away as you move.
The frozen ramparts melt away as you move.
The orc warlord hits you with a +3 dire flail of protection!!
You die...

### ##.# #### ##..### ###..#
#.....# ##....###
###.....####.....#.##
#.........#......#..#
##....#..............##
###.....#.@......#.#....#
##......[###o....####....###
#.......####......####......
###.....)#.#[.....##.......#
#........)[.....##.....###
###..<..[[#......#...###
#.#.>..####......###
####...## ##......# #.....#
####...#


You could see an orc warlord (extremely poisoned).

Vanquished Creatures
  4 two-headed ogres
  Erica (D:9)
  An orc high priest (Orc:2)
  An orc knight (Orc:2)
  3 orc sorcerers
  An elephant (D:8)
  A gargoyle (D:11)
  2 trolls
  A hornet (D:8)
  Grinder (D:5)
  A wyvern (D:7)
  A wraith (D:10)
  25 yaks
  2 steam dragons (D:8)
  2 wargs (Orc:2)
  An acid dragon (D:9)
  2 water moccasins
  18 orc warriors
  3 ice beasts
  3 sky beasts
  3 black bears
  5 ogres
  2 centaurs (D:10)
  3 phantoms
  A kobold brigand (D:7)
  2 gnoll sergeants
  3 scorpions
  A wyvern zombie (D:7)
  A water moccasin skeleton (D:4)
  4 wights (D:9)
  4 howler monkeys
  3 centaur zombies
  3 hounds
  2 jellies
  A gnoll shaman (D:7)
  4 orc priests
  2 bullfrog skeletons
  2 centaur skeletons
  Natasha (twice) (D:4)
  13 orc wizards
  An iguana (D:5)
  3 howler monkey zombies
  12 gnolls
  5 adders
  A white imp (D:7)
  4 worms
  4 dart slugs
  57 orcs
  6 ball pythons
  6 bats
  9 endoplasms
  7 giant cockroaches
  7 goblins
  7 hobgoblins
  9 jackals
  2 quokkas (D:3)
  2 frilled lizards
  15 kobolds
  6 rats
298 creatures vanquished.

Vanquished Creatures (others)
  A sky beast (D:8)
  2 orcs (Orc:2)
  44 foxfires
  11 fungi (Orc:2)
58 creatures vanquished.

Grand Total: 356 creatures vanquished

Notes
Turn   | Place    | Note
-------+----------+-------------------------------------------
     0 | D:1      | Ashen the Demonspawn Ice Elementalist began the quest for
                  | the Orb.
     0 | D:1      | Reached XP level 1. HP: 13/13 MP: 3/3
   407 | D:1      | Gained mutation: You have a small tail. [demonic ancestry]
   407 | D:1      | Reached XP level 2. HP: 20/20 MP: 1/5
   904 | D:2      | Reached skill level 1 in Fighting
   941 | D:2      | Gained mutation: You may rarely emit foul miasma when
                  | damaged in melee. [demonic ancestry]
   941 | D:2      | Reached XP level 3. HP: 25/26 MP: 6/6
  1195 | D:2      | Learned a level 3 spell: Frozen Ramparts
  1660 | D:2      | Found a faded altar of an unknown god.
  2265 | D:3      | Found Nalol's Antique Weapon Emporium.
  2387 | D:3      | Reached XP level 4. HP: 32/32 MP: 7/7
  2732 | D:3      | Noticed a scorpion
  2739 | D:3      | Killed a scorpion
  2740 | D:3      | Gained mutation: You regenerate a little health from kills.
                  | [demonic ancestry]
  2740 | D:3      | Reached XP level 5. HP: 34/38 MP: 7/9
  2797 | D:3      | HP: 1/38 [acid (9)]
  2803 | D:3      | Learned a level 3 spell: Ozocubu's Armour
  3685 | D:4      | Noticed an ogre
  3703 | D:4      | Killed an ogre
  3704 | D:4      | Gained mutation: You sometimes emit foul miasma when
                  | damaged in melee. [demonic ancestry]
  3704 | D:4      | Reached XP level 6. HP: 7/46 MP: 10/10
  3711 | D:4      | Learned a level 4 spell: Hailstorm
  4108 | D:4      | Noticed a +0 dagger
  4109 | D:4      | Noticed a +0 hand axe
  4129 | D:4      | Found a hide-covered altar of Uskayaw.
  4316 | D:4      | Reached XP level 7. HP: 33/52 MP: 12/12
  4490 | D:4      | Found a runed translucent gate.
  4490 | D:4      | Found a runed translucent gate.
  4490 | D:4      | Found a runed translucent gate.
  4492 | D:4      | Found an opulent altar of Gozag.
  4494 | D:4      | Noticed zoefcunningham's ghost (amateur MiBe)
  5334 | D:4      | Noticed Natasha
  5345 | D:4      | Killed Natasha
  5397 | D:4      | Noticed Natasha
  5410 | D:4      | Killed Natasha
  5666 | D:5      | Entered Level 5 of the Dungeon
  5767 | D:5      | Reached skill level 5 in Ice Magic
  6685 | D:5      | Reached XP level 8. HP: 43/60 MP: 7/14
  6848 | D:5      | Noticed Grinder
  6864 | D:5      | Killed Grinder
  7530 | D:6      | Found Zakhaff's Gadget Gallery.
  7605 | D:6      | Found a staircase to the Ecumenical Temple.
  7631 | Temple   | Entered the Ecumenical Temple
  7872 | Temple   | Became a worshipper of Vehumet
  8226 | D:6      | Reached skill level 5 in Stealth
  8781 | D:7      | Reached skill level 5 in Dodging
  8781 | D:7      | Reached skill level 5 in Spellcasting
  8936 | D:7      | Reached skill level 5 in Fighting
  8949 | D:7      | Gained mutation: You are partially covered in icy blue
                  | scales. (AC +2) [demonic ancestry]
  8949 | D:7      | Reached XP level 9. HP: 32/68 MP: 9/16
  9680 | D:7      | Reached * piety under Vehumet
  9680 | D:7      | Offered knowledge of Foxfire by Vehumet.
  9687 | D:7      | Learned a level 1 spell: Foxfire
 10859 | D:8      | Found a staircase to the Lair.
 10860 | D:8      | Noticed an elephant
 10861 | D:8      | Noticed a two-headed ogre
 10876 | D:8      | Reached XP level 10. HP: 77/77 MP: 12/19
 10881 | D:8      | Killed a two-headed ogre
 10902 | D:8      | Killed an elephant
 11277 | D:9      | Noticed a two-headed ogre
 11285 | D:9      | Killed a two-headed ogre
 11449 | D:9      | Noticed Erica
 11462 | D:9      | Killed Erica
 12551 | D:9      | Found a staircase to the Orcish Mines.
 12728 | D:9      | Noticed a two-headed ogre
 12778 | D:9      | Killed a two-headed ogre
 13070 | D:9      | Gained mutation: You have a tail ending in a sharp stinger.
                  | [demonic ancestry]
 13070 | D:9      | Reached XP level 11. HP: 74/84 MP: 21/21
 13218 | D:9      | Offered knowledge of Static Discharge by Vehumet.
 13332 | D:10     | Entered Level 10 of the Dungeon
 13371 | D:10     | Found Katoetia's Neck Hole.
 13376 | D:10     | Reached ** piety under Vehumet
 13474 | D:10     | Noticed a two-headed ogre
 13475 | D:10     | Noticed AbrileMaio's ghost (journeyman MiBe)
 13476 | D:10     | Found a transporter.
 13479 | D:10     | Noticed a two-headed ogre
 13479 | D:10     | Noticed a two-headed ogre
 13480 | D:10     | Noticed a two-headed ogre
 13481 | D:10     | Identified the +6 giant club "Hoidoses" {drain, MP+9 Dex+4}
 13481 | D:10     | Identified the +2 dire flail of the Black Skies {drain,
                  | rElec Int+6}
 13481 | D:10     | Noticed a two-headed ogre
 13487 | D:10     | Found a transporter.
 13784 | D:10     | Noticed a two-headed ogre
 13798 | D:10     | Killed a two-headed ogre
 14016 | D:10     | Identified the +1 leather armour of Peot {Drain Str+5}
 14744 | Orc:1    | Entered Level 1 of the Orcish Mines
 14832 | Orc:2    | Entered Level 2 of the Orcish Mines
 14832 | Orc:2    | Noticed an orc sorcerer
 14832 | Orc:2    | Noticed an orc sorcerer
 14832 | Orc:2    | Found Hapsarr's General Store.
 14850 | Orc:1    | Offered knowledge of Dazzling Flash by Vehumet.
 14997 | Orc:1    | Noticed a sixfirhy
 15012 | Orc:1    | Killed an orc sorcerer
 15083 | Orc:1    | Reached *** piety under Vehumet
 15092 | Orc:1    | Learned a level 3 spell: Dazzling Flash
 15238 | Orc:2    | Killed an orc sorcerer
 15406 | Orc:2    | Bought a scroll of enchant weapon for 82 gold pieces
 15406 | Orc:2    | Bought a scroll of fog for 22 gold pieces
 15406 | Orc:2    | Bought a wand of digging (3) for 154 gold pieces
 15433 | Orc:2    | Noticed an orc sorcerer
 15450 | Orc:2    | Killed an orc sorcerer
 15451 | Orc:2    | Reached skill level 1 in Conjurations
 15455 | Orc:2    | Offered knowledge of Sticky Flame by Vehumet.
 15456 | Orc:2    | Noticed an orc high priest
 15468 | Orc:2    | Noticed an orc knight
 15469 | Orc:2    | Reached XP level 12. HP: 63/94 MP: 20/24
 15471 | Orc:2    | Killed an orc high priest
 15861 | Orc:2    | Noticed an orc high priest
 15862 | Orc:2    | Found Ismorerell's Antique Weapon Shoppe.
 15864 | Orc:2    | Noticed an orc warlord
 16226 | Orc:1    | Annihilated by an orc warlord

Illustrated notes

Levels and vault maps discovered:
D:1:      minmay_arrival_four_circles, layout_rooms
D:2:      layout_loops_ring, ebering_ecumenical_altar_webs
D:3:      minmay_razor_zed, layout_rooms, serial_shops, shop
D:4:      layout_loops_cross, dancing_weapons_uskayaw, ebering_ghost_gozag,
          uniq_natasha
D:5:      layout_cave_pods, uniq_grinder
D:6:      layout_gridville, temple_green, nicolae_shop_gadgets
D:7:      layout_layer_cave, enter_bailey_6
D:8:      layout_basic, david_lair_generic
D:9:      layout_grid_maze, hiddenorc1_lemuel, st_stairs_8, uniq_erica
D:10:     layout_loops_ring, gammafunk_ghost_smash,
          nicolae_shop_sticking_my_neck_out
D:11:     layout_roguey, nicolae_vehumet_altar_sigil, uniq_sonja,
          uniq_gastronok, uniq_psyche
Temple:   regret_index_temple_sigil_plot
Orc:1:    layout_diamond_mine, ebering_ghost_reflecting_pool
Orc:2:    grunt_orc_gardens, layout_caves, grunt_orc_garden, grunt_orc_garden,
          grunt_orc_garden, grunt_orc_garden

Skill      XL: |  1  2  3  4  5  6  7  8  9 10 11 12 |
---------------+-------------------------------------+-----
Stealth        | 2 3 4 5 6 7 9 |  9.2
Dodging        | 2 3 4 5 6 7 8 |  8.4
Fighting       | 1 2 3 5 6 7 8 |  8.9
Ice Magic      | 4 5 6 7 9 |  9.1
Spellcasting   | 3 4 5 6 7 8 |  8.4
Conjurations   | 1 2 |  2.1

Action                   |  1- 3 |  4- 6 |  7- 9 | 10-12 || total
-------------------------+-------+-------+-------+-------++-------
Melee: Unarmed           |     6 |       |       |       ||     6
       Dagger            |   145 |     2 |       |       ||   147
       Tailslap          |    19 |    23 |    61 |    85 ||   188
       Punch             |     1 |     2 |     4 |     2 ||     9
       Spear             |       |   178 |   465 |   463 ||  1106
 Cast: Freeze            |    21 |     5 |       |     4 ||    30
       Ozocubu's Armour  |       |     1 |    29 |    25 ||    55
       Frozen Ramparts   |       |     1 |    20 |    31 ||    52
       Foxfire           |       |       |       |    28 ||    28
       Hailstorm         |       |       |       |     6 ||     6
       Dazzling Flash    |       |       |       |     3 ||     3
  Use: Scroll            |       |       |    13 |     5 ||    18
 Stab: Sleeping          |     8 |     5 |    10 |     4 ||    27
       Distracted        |       |     2 |       |       ||     2
Armor: Robe              |    49 |    24 |   178 |   218 ||   469
Dodge: Dodged            |    87 |   100 |   272 |   424 ||   883
